 Dungeon Crawl Stone Soup version 0.19.5 (webtiles) character file.

29 Monsterracer the Chucker (level 3, 39/39 HPs)
             Began as an Ogre Hunter on May 1, 2017.
             Quit the game on level 2 of the Dungeon.
             The game lasted 00:03:23 (926 turns).

Monsterracer the Chucker (Ogre Hunter)               Turns: 926, Time: 00:03:24

Health: 39/39      AC:  3    Str: 18    XL:     3   Next: 16%
Magic:  3/3        EV: 10    Int: 10    God:
Gold:   59         SH:  0    Dex:  8    Spells: 0 memorised, 2 levels left

rFire  . . .     SeeInvis .     e - +0 club
rCold  . . .     Gourm    .     b - +0 robe
rNeg   . . .     Faith    .     (no shield)
rPois  .         Spirit   .     (helmet restricted)
rElec  .         Reflect  .     (no cloak)
rCorr  .         Harm     .     (gloves unavailable)
MR     .....                    (boots unavailable)
Stlth  +.........               (no amulet)
                                (no ring)
                                (no ring)

@: no status effects
A: unfitting armour, clumsy 1, deterioration 1, robust 1, tough skin 1
a: no special abilities


You were on level 2 of the Dungeon.
You were not hungry.

You visited 1 branch of the dungeon, and saw 2 of its levels.

You collected 59 gold pieces.

Inventory:

Hand Weapons
 e - a +0 club (weapon)
Missiles
 d - a throwing net (quivered)
Armour
 b - a +0 robe (worn)
Scrolls
 a - a scroll of identify {unknown}
 g - a scroll of random uselessness {unknown}
 h - a scroll of teleportation {unknown}
 i - a scroll of remove curse {unknown}
Comestibles
 f - a bread ration


   Skills:
 - Level 2.6 Fighting
 * Level 2.7 Maces & Flails
 + Level 4.3 Throwing
 - Level 1.7 Dodging
 - Level 0.6 Stealth


You had 2 spell levels left.
You didn't know any spells.

Dungeon Overview and Level Annotations

Branches:
Dungeon (2/15)

Altars:
Xom


Innate Abilities, Weirdness & Mutations

You are too large for most types of armour.
You have tough skin. (AC +1)
You are clumsy. (Dex -2)
Your body sometimes deteriorates upon taking damage.
You are robust. (+10% HP)


Message History

Your base attributes are Str 16, Int 10, Dex 10.
Increase (S)trength, (I)ntelligence, or (D)exterity?
You feel stronger. x2
You hear a shout!
The kobold throws a stone.
The stone closely misses you.
A kobold comes into view.
Throwing (i - inventory. (,) - cycle):
c - a large rock (quivered)
Press: ? - help, Shift-Dir - straight line, f - kobold
Aim: a kobold You throw a large rock.
The large rock hits the kobold.
The kobold is moderately wounded.
The kobold throws a stone.
The stone closely misses you.
Throwing (i - inventory):
d - 2 throwing nets (quivered)
Press: ? - help, Shift-Dir - straight line, f/p - kobold
Aim: a kobold (moderately wounded)
You throw a throwing net. The throwing net hits the kobold.
The kobold is caught in the net!
The kobold is moderately wounded.
The kobold struggles against the net.
Are you sure you want to abandon this character and quit the game? (Confirm with "yes".)

+.....'................
#.....####.......#'####
#.....# #._...(.#.#
####'## #.......#.#
#..# #.......#.# ##†#
#########.# #.## #.#
#..# #.# ##@# #.# #(.#
...# ..... ......#
........ .......#..
K.$...(.....


You could see a kobold (caught).

Vanquished Creatures
  An adder (D:2)
  A leopard gecko (D:1)
  2 bats (D:1)
  4 goblins (D:1)
  A hobgoblin (D:1)
  4 jackals (D:1)
  A ball python (D:2)
  2 frilled lizards (D:1)
  2 rats (D:1)
18 creatures vanquished.

Notes
Turn   | Place    | Note
-------+----------+-------------------------------------------
     0 | D:1      | Monsterracer the Ogre Hunter began the quest for the Orb.
     0 | D:1      | Reached XP level 1. HP: 22/22 MP: 1/1
   207 | D:1      | Reached skill level 1 in Maces & Flails
   209 | D:1      | Reached XP level 2. HP: 28/29 MP: 2/2
   492 | D:1      | Gained mutation: You are clumsy. (Dex -2) [potion of mutation]
   492 | D:1      | Gained mutation: You are robust. (+10% HP) [potion of mutation]
   492 | D:1      | Gained mutation: Your body sometimes deteriorates upon taking damage. [potion of mutation]
   896 | D:2      | Found a shimmering altar of Xom.
   923 | D:2      | Reached XP level 3. HP: 39/39 MP: 3/3
   926 | D:2      | Quit the game

Skill      XL: |  1  2 |
---------------+-------+-----
Maces & Flails | 1 2 |  2.7
Fighting       | |  2.6
Throwing       | |  4.3
Dodging        | |  1.7
Stealth        | |  0.6

Action                   || total
-------------------------++-------
Melee: Club              ||    18
       Short sword       ||     4
Throw: Large rock        ||    18
       Throwing net      ||     1
  Use: Potion            ||     2
Armor: Robe              ||    17
Dodge: Dodged            ||    31
